 Dungeon Crawl Stone Soup version 0.25-a0-310-g60f0ac2d9a (webtiles) character file.

Game seed: 3684988869827542210, levelgen mode: classic

27 Borgoz the Cudgeler (level 3, -5/22 HPs)
             Began as a Gargoyle Gladiator on Dec 23, 2019.
             Slain by a gnoll
             ... wielding a +0 halberd
              (11 damage)
             ... on level 2 of the Dungeon.
             The game lasted 00:00:50 (1203 turns).

Borgoz the Cudgeler (Gargoyle Gladiator)            Turns: 1203, Time: 00:00:51

Health: -5/22      AC:  7    Str: 17    XL:     3   Next: 10%
Magic:  3/3        EV: 12    Int:  8    God:
Gold:   97         SH:  0    Dex: 12    Spells: 2/2 levels left

rFire    . . .     SeeInvis .   a - +0 flail
rCold    . . .     Gourm    .   (no shield)
rNeg     + . .     Faith    .   b - +0 leather armour
rPois    ∞         Spirit   .   c - +0 helmet
rElec    +         Reflect  .   (no cloak)
rCorr    .         Harm     .   (no gloves)
MR       .....                  (no boots)
Stlth    +.........             (no amulet)
HPRegen  0.07/turn              (no ring)
MPRegen  0.08/turn              (no ring)

@: no status effects
A: negative energy resistance 1, electricity resistance, unbreathing,
petrification resistance, rot immunity, AC +3
a: no special abilities


You were on level 2 of the Dungeon.
You were not hungry.

You visited 1 branch of the dungeon, and saw 2 of its levels.

You collected 97 gold pieces.

Inventory:

Hand Weapons
 a - a +0 flail (weapon)
Missiles
 d - 3 throwing nets (quivered)
Armour
 b - a +0 leather armour (worn)
 c - a +0 helmet (worn)
 h - a cursed +0 leather armour
Scrolls
 e - 3 scrolls of identify {unknown}
Potions
 g - a potion of cancellation {unknown}
Comestibles
 f - 4 rations
 i - a chunk of flesh


   Skills:
 * Level 2.7 Fighting
 * Level 3.2 Maces & Flails
 - Level 1.7 Throwing
 * Level 1.2 Armour
 * Level 2.6 Dodging


You had 2 spell levels left.
You didn't know any spells.
Your spell library was empty.

Dungeon Overview and Level Annotations

Branches:
Dungeon (2/15)

Altars:


Innate Abilities, Weirdness & Mutations

You are resistant to torment.
Your stone body is resilient. (AC +3)
You are immune to poison.
You resist negative energy. (rN+)
You are resistant to electric shocks. (rElec)
You can survive without breathing.
You are immune to petrification.
You are immune to rotting.


Message History

A gnoll comes into view. It is wielding a +0 flail.
The gnoll shouts!
A gnoll comes into view. It is wielding a +0 halberd.
You thump the hobgoblin!
You kill the hobgoblin!
Things that are here:
a +0 club; a hobgoblin corpse You barely miss the gnoll.
The gnoll misses you.
The gnoll hits you from afar with a +0 halberd.
The gnoll closely misses you.
You hit the gnoll.
The gnoll is moderately wounded.
The gnoll hits you but does no damage. The gnoll barely misses you.
The gnoll hits you with a +0 club. The gnoll hits you with a +0 flail!
Ouch! That really hurt!
* * * LOW HITPOINT WARNING * * *
The gnoll hits you with a +0 halberd!
Ouch! That really hurt!
You die...

#.##.#.####.#.......####.....
#.##.#.##>...................
#.##.#.##.#.#..#....####.##.#
#.##.#.##.#.#..##.### #.##.#
#....#.##.#.#....... ..##.)
######.##.#....#...########.†
#.##.######...#.........
#.##..gg..............#.
#....).@g.............'.
##########.##)#.......#.
#.......#. #.......##
#.......# #########


You could see 3 gnolls.

Vanquished Creatures
  2 dart slugs (D:1)
  A giant cockroach (D:1)
  2 goblins (D:1)
  4 hobgoblins
  2 jackals (D:1)
  2 bats
  4 frilled lizards
  3 kobolds
  2 rats
22 creatures vanquished.

Notes
Turn   | Place    | Note
-------+----------+-------------------------------------------
     0 | D:1      | Borgoz the Gargoyle Gladiator began the quest for the Orb.
     0 | D:1      | Reached XP level 1. HP: 12/12 MP: 1/1
   133 | D:1      | Reached XP level 2. HP: 6/18 MP: 2/2
   606 | D:1      | Reached skill level 1 in Armour
  1099 | D:2      | Reached XP level 3. HP: 21/22 MP: 3/3
  1203 | D:2      | Slain by a gnoll

Levels and vault maps discovered:
D:1:      minmay_arrival_split_and_join, layout_loops_corners, solitary_fountain
D:2:      layout_basic, lemuel_round_altar, lemuel_coloured_pillars_altar,
          first_ration, nicolae_ru_path_of_blood

Skill      XL: |  1  2 |
---------------+-------+-----
Armour         | 1 |  1.2
Fighting       | |  2.7
Maces & Flails | |  3.2
Throwing       | |  1.7
Dodging        | |  2.6

Action                   || total
-------------------------++-------
Melee: Flail             ||    77
  Eat: Chunk             ||     1
Armor: Leather armour    ||    36
Dodge: Dodged            ||    74

Table legend:
 A = Non-vault XP
 B = Vault XP
 C = Vault XP percentage of total XP
 D = Non-vault monster count
 E = Vault monster count
 F = Vault count percentage of total count
                 A         B        C        D         E       F
            +---------+---------+-------+---------+---------+-------
      Total |      39 |       0 |   0.0 |      22 |       0 |   0.0
            +---------+---------+-------+---------+---------+-------
        D:1 |      29 |       0 |   0.0 |      15 |       0 |   0.0
        D:2 |      10 |       0 |   0.0 |       7 |       0 |   0.0
            +---------+---------+-------+---------+---------+-------
